Cogmind - Beta 17.1 @@@ ROGUE MODE // 2026.09.13 @ 18:22:22 Player: Ethranok Result: Destroyed by S-10 Pest with Light Assault Rifle Performance ------------- Evolutions (0) 0 Regions Visited (2) 400 Robots Destroyed (37) 185 Value Destroyed (643) 643 Prototype IDs (2) 40 Alien Tech Used (0) 0 Bonus (0) 0 TOTAL SCORE: 1268 Bonus ------- None Cogmind --------- Core Integrity 0/250 Matter 280/300 Energy 250/250 System Corruption 1% Temperature Cool (0) Movement Treading (160) Location -10/Mines Parts ------- > --- POWER (1) -------- Ion Engine > --- PROPULSION (2) --- Light Treads Light Treads > --- UTILITY (2) ------ Large Storage Unit Light Armor Plating > --- WEAPON (2) ------- Light Cannon Grenade Launcher > --- INVENTORY (15) --- Light Ion Engine Compact Wheel Huge Storage Unit Small Matter Pod (50) Large Matter Pod (32) High-capacity Matter Pod (200) ECM Suite Beam Cannon Assault Rifle Light Cannon Light Cannon Light Cannon Grenade Launcher Grenade Launcher Grenade Launcher Peak State ------------ > --- POWER ------------ Ion Engine > --- PROPULSION ------- Light Treads Light Treads > --- UTILITY ---------- Huge Storage Unit Light Armor Plating > --- WEAPON ----------- Assault Rifle Light Assault Rifle > --- INVENTORY -------- Light Ion Engine Medium Laser Light Cannon Light Cannon Light Cannon Light Cannon Light Cannon Light Cannon Light Cannon Light Cannon [Rating: 8] Favorites ----------- Power Ion Engine Engine Ion Engine Propulsion Light Treads Treads Light Treads Leg Aluminum Leg Wheel Compact Wheel Utility Huge Storage Unit Storage Huge Storage Unit Protection Light Armor Plating Weapon Light Cannon Ballistic Gun Light Assault Rifle Ballistic Cannon Light Cannon Launcher Grenade Launcher Build | -11 -10 -10 ------- Run | Yrd Mat Min Slots Evolved . | . . . Power . | . . . Propulsion . | . . . Utility . | . . . Weapon . | . . . Parts Attached 24 | 6 18 . Power 2 | 1 1 . Engine 2 | 1 1 . Core . | . . . Reactor . | . . . Propulsion 7 | 2 5 . Treads 4 | 2 2 . Leg 1 | . 1 . Wheel 2 | . 2 . Hover . | . . . Flight . | . . . Utility 5 | 1 4 . Device . | . . . Storage 3 | 1 2 . Processor . | . . . Hackware . | . . . Protection 2 | . 2 . Artifact . | . . . Weapon 10 | 2 8 . Energy Gun . | . . . Energy Cannon . | . . . Ballistic Gun 2 | 2 . . Ballistic Cannon 7 | . 7 . Launcher 1 | . 1 . Special Weapon . | . . . Impact Weapon . | . . . Slashing Weapon . | . . . Piercing Weapon . | . . . Special Melee Weapon . | . . . Unidentified Prototypes . | . . . Parts Lost 9 | . 9 . Power 1 | . 1 . Propulsion 2 | . 2 . Utility 1 | . 1 . Weapon 5 | . 5 . Highest Loss Streak 4 | . 4 . To Critical Strikes . | . . . Average Backups 9 | 1 8 14 Power . | . 1 1 Propulsion . | . . 1 Utility 2 | . 1 4 Weapon 5 | . 5 8 Tool/Special . | . . . Unused Backups 14 | . 2 12 Power 2 | . 1 1 Propulsion . | . . . Utility 4 | . . 4 Weapon 8 | . 1 7 Tool/Special . | . . . Average Slot Usage (%) 87 | . 86 100 Engine 11 | . 11 14 Treads 19 | . 18 28 Wheel 4 | . 4 . Storage 14 | . 14 14 Protection 8 | . 8 14 Ballistic Gun 3 | . 3 . Ballistic Cannon 22 | . 22 14 Launcher 1 | . . 14 Peak Build Rating 8 | 6 8 8 Average Rating 6 | 4 6 8 On Entrance 4 | . 6 8 Avg Prop Armor Cover (%) 10 | 32 9 . Naked Turns . | . . . Heaviest Build 94 | 13 94 34 Greatest Support 40 | 40 40 40 Greatest Overweight (x) 28 | 1 28 . Average Overweight (x) 2 | . 2 . Largest Inventory Capacity 25 | 8 25 15 Average Capacity 21 | 7 22 15 Most Carried 15 | 4 15 15 Average Carried 9 | 2 9 14 Final Capacity 15 | 8 15 15 Final Carried 15 | 2 14 15 Class Distribution -------------------- 100% | Mutant Dominant Class ---------------- Mutant | -10/Materials Mutant | -10/Mines Resources | -11 -10 -10 ----------- Run | Yrd Mat Min Matter Collected 1328 | 259 1027 42 Remotely . | . . . Salvage Created 922 | . 914 8 Parts 56 | . 54 2 Haulers Intercepted 2 | . 2 . Recyclers Shooed 3 | . 3 . Parts Field Recycled . | . . . Retrieved Matter . | . . . Parts Self-Destructed . | . . . Prevented . | . . . Parts Restored . | . . . Kills | -11 -10 -10 ------- Run | Yrd Mat Min Combat Hostiles Destroyed 22 | . 21 1 Guns 2 | . 2 . Cannons 19 | . 18 1 Classes Destroyed 9 | . 9 . Worker 3 | . 3 . Builder 3 | . 3 . Hauler 2 | . 2 . Recycler 3 | . 3 . Operator 1 | . 1 . Watcher 3 | . 3 . Swarmer 10 | . 9 1 Grunt 9 | . 9 . Subdweller 3 | . 3 . Best Kill Streak 5 | . 5 1 Combat Bots Only 3 | . 3 1 Max Kills in Single Turn 2 | . 2 1 Gunslinging . | . . . Exploded . | . . . Melee . | . . . Uniques/NPCs Destroyed . | . . . Combat | -11 -10 -10 -------- Run | Yrd Mat Min Hostile Shots Fired 196 | . 186 10 Missed 53 | . 51 2 Hits 143 | . 135 8 Projectile 143 | . 135 8 Damage Taken 1736 | . 1677 59 Core 255 | . 243 12 Absorbed by Shields . | . . . Core Remaining (%) 100 | 100 . . Volleys Fired 91 | . 86 5 Largest 2 | . 2 1 Hottest 60 | . 60 30 Shots Fired 167 | . 162 5 Gun 12 | . 12 . Cannon 155 | . 150 5 Launcher . | . . . Special . | . . . Kinetic 167 | . 162 5 Thermal . | . . . Explosive . | . . . Electromagnetic . | . . . Robot Hit Streak 10 | . 10 3 Robot Miss Streak 7 | . 7 2 Penetration Max . | . . . Secondary Targets . | . . . Shots Hit Robots 90 | . 87 3 Core Hits 38 | . 37 1 Critical Kills . | . . . Critical Parts Destroyed . | . . . Critical Strikes 1 | . 1 . Blast 1 | . 1 . Melee Attacks . | . . . Impact . | . . . Slashing . | . . . Piercing . | . . . Sneak Attacks . | . . . Combat Hostiles . | . . . Follow-up Attacks . | . . . Damage Inflicted 1602 | . 1553 49 Guns 70 | . 70 . Cannons 1515 | . 1466 49 Explosions . | . . . Melee . | . . . Ramming 17 | . 17 . Kinetic 1585 | . 1536 49 Thermal . | . . . Explosive . | . . . Electromagnetic . | . . . Impact . | . . . Slashing . | . . . Piercing . | . . . Highest Corruption 1 | . 1 1 Average Corruption 1 | . 1 1 Corruption Purged . | . . . Corruption Blocked . | . . . Effects 6 | . 6 . Message Errors 1 | . 1 . Matter Fused 1 | . 1 . Heat Flow Errors 1 | . 1 . Energy Discharges 1 | . 1 . Misfires 1 | . 1 . Alerts 1 | . 1 . Overload Shots . | . . . Overflow Damage 7 | . 7 . Projectiles 7 | . 7 . Explosions . | . . . Melee . | . . . Knockbacks 20 | . 19 1 Impact . | . . . Kinetic 20 | . 19 1 Secondary . | . . . Self-Inflicted Damage . | . . . Shots . | . . . Rammed 1 | . 1 . Targets Rammed 2 | . 2 . Kicked . | . . . Crushed 1 | . 1 . Highest Temperature 277 | . 277 . Average Temperature 36 | . 36 . Received Heat Transfer 318 | . 318 . Siege Activations . | . . . Martial Activations . | . . . Shielding Activations . | . . . Robots Disrupted . | . . . Combat Hostiles . | . . . Robots Corrupted . | . . . Combat Hostiles . | . . . Parts Fried . | . . . Impact Corruptions . | . . . Robots Melted . | . . . Combat Hostiles . | . . . Parts Melted 2 | . 2 . Heat Transferred . | . . . Parts Sabotaged . | . . . Parts Stolen . | . . . Parts Stripped . | . . . Power Chain Reactions . | . . . Alert | -11 -10 -10 ------- Run | Yrd Mat Min Maximum Alert Level . | . . . Low Security (%) 100 | 100 100 100 Level 1 . | . . . Level 2 . | . . . Level 3 . | . . . Level 4 . | . . . Level 5 . | . . . High Security . | . . . Max Security . | . . . Peak Influence 101 | . 101 35 Initial 17 | . . 17 Average 29 | . 32 3 Influence Increases 604 | . 559 45 Destroy 0b10 Robot/C 380 | . 360 20 Destroy 0b10 Robot/NC 75 | . 75 . Destroy Leader 90 | . 80 10 Successful Hack 21 | . 21 . Destroy Structure 8 | . 8 . Lose Combat Pursuer 30 | . 15 15 Influence Decreases 569 | . 514 55 Entered New Map 28 | . . 28 Time Decay 462 | . 435 27 Lost Part 79 | . 79 . Squads Dispatched 3 | . 3 . Investigation 1 | . 1 . Extermination . | . . . Reinforcement 2 | . 2 . Assault . | . . . Garrison . | . . . Intercept . | . . . Searches Triggered . | . . . Construction Impeded . | . . . Haulers Reinforced . | . . . Active Scanning Responses . | . . . Cargo Convoy Interrupts . | . . . Stealth | -11 -10 -10 --------- Run | Yrd Mat Min Distress Signals 2 | . 2 . Communications Jammed . | . . . Distress Signals . | . . . Times Spotted 39 | . 36 3 Peak Tracking Total 6 | . 6 3 Tactical Retreats 2 | . 1 1 Traps | -11 -10 -10 ------- Run | Yrd Mat Min Traps Triggered 2 | . 2 . Indirectly . | . . . Trap Hack Attempts . | . . . Triggered . | . . . Disarmed . | . . . Reprogrammed . | . . . Reused . | . . . Traps Extracted . | . . . Installed . | . . . Triggered . | . . . Machines | -11 -10 -10 ---------- Run | Yrd Mat Min Machines Disabled . | . . . Max in Single Turn . | . . . Machines Repaired . | . . . Machines Dismantled . | . . . Machines Sabotaged . | . . . Overloaded Fab Kills . | . . . Hacking | -11 -10 -10 --------- Run | Yrd Mat Min Machines Accessed 8 | . 8 . Terminals 6 | . 6 . Fabricators . | . . . Repair Stations . | . . . Recycling Units 2 | . 2 . Scanalyzers . | . . . Garrison Access . | . . . Total Hacks 21 | . 21 . Successful 6 | . 6 . Failed 15 | . 15 . Catastrophic 6 | . 6 . Database Lockouts . | . . . Manual 11 | . 11 . Terminals 13 | . 13 . Fabricators . | . . . Repair Stations . | . . . Recycling Units 8 | . 8 . Scanalyzers . | . . . Garrison Access . | . . . Terminal Hacks 4 | . 4 . Record 1 | . 1 . Prototype ID Bank 1 | . 1 . Branch Access Points 1 | . 1 . Registered Components 1 | . 1 . Fabricator Hacks . | . . . Repair Station Hacks . | . . . Recycling Unit Hacks 2 | . 2 . Report Inventory 1 | . 1 . Retrieve Components 1 | . 1 . Scanalyzer . | . . . Garrison Access Hacks . | . . . Unauthorized Hacks . | . . . Terminals . | . . . Fabricators . | . . . Repair Stations . | . . . Recycling Units . | . . . Scanalyzers . | . . . Garrison Access . | . . . Data Cores Recovered 1 | . 1 . Used . | . . . Hacking Detections 8 | . 8 . Full Trace Events 4 | . 4 . Feedback Events . | . . . Feedback Blocked . | . . . Robot Schematics Acquired . | . . . Robots Built . | . . . Authchips . | . . . Time . | . . . Total Robot Build Rating . | . . . Part Schematics Acquired . | . . . Parts Built . | . . . Authchips . | . . . Time . | . . . Total Part Build Rating . | . . . Part Studies Acquired . | . . . Parts Repaired . | . . . Time . | . . . Parts Recycled . | . . . Recycled Matter . | . . . Retrieved Matter . | . . . Retrieved Components 1 | . 1 . Parts Scanalyzed . | . . . Part Schematics Acquired . | . . . Parts Damaged . | . . . Bothacking | -11 -10 -10 ------------ Run | Yrd Mat Min Used RIF Installer . | . . . Robots Hacked . | . . . Non-combat . | . . . Combat . | . . . Robot Hacks Applied . | . . . Relay Couplers Released . | . . . Fabnet Peak Effective % . | . . . Robots Rewired . | . . . Allies Hacked . | . . . Hacks Repelled . | . . . Allies | -11 -10 -10 -------- Run | Yrd Mat Min Total Allies . | . . . Largest Group . | . . . Highest-Rated Group . | . . . Highest-Rated Ally . | . . . Total Orders . | . . . Ally Attacks . | . . . Total Damage . | . . . Kills . | . . . Allies Corrupted . | . . . Allies Melted . | . . . Intel | -11 -10 -10 ------- Run | Yrd Mat Min Active Infowar (turns) . | . . . Robot Analysis Total . | . . . Derelict Logs Recovered . | . . . Drone Launches . | . . . Drone Recoveries . | . . . Exploration | -11 -10 -10 ------------- Run | Yrd Mat Min Turns Passed 2463 | 55 2248 160 Spaces Moved 1016 | 35 888 93 Core 29 | 18 11 . Treads 644 | 17 534 93 Legs 20 | . 20 . Wheels 323 | . 323 . Hover . | . . . Flight . | . . . Fastest Speed 50 | 50 129 160 Average Speed 208 | 120 216 160 Slowest Speed 1450 | 160 1450 160 Overloaded Moves . | . . . Propulsion Burnouts . | . . . Robots Hopped . | . . . Potential Cave-ins . | . . . Cave-ins Triggered . | . . . Exploration Rate (%) 45 | 4 96 37 Regions Visited 2 Branch Regions 1 Pre-discovered Areas . | . . . Known Exits Taken 1 | . 1 . Unknown Exits Taken 1 | 1 . . Scrap Searched 1 | . . 1 Spaces Dug . | . . . Terrain Destroyed . | . . . Melee . | . . . Projectile . | . . . AOE . | . . . Terrain Rammed . | . . . Walls Destroyed . | . . . Machines Disabled . | . . . Actions | -11 -10 -10 --------- Run | Yrd Mat Min Total 1194 | 48 1047 99 Wait 14 | . 14 . Move 1014 | 34 887 93 Hop . | . . . Pick Up 39 | 8 30 1 Fast Attach . | . . . Attach 18 | 6 12 . Detach . | . . . Swap 8 | . 8 . Drop 8 | . 8 . Fire 91 | . 86 5 Melee . | . . . Ram . | . . . Kick . | . . . Crush 2 | . 2 . Escape Stasis . | . . . Rewire . | . . . Trap . | . . . Miscellaneous . | . . . Route ------- -11/Scrapyard -10/Materials (discovered 5 exits: [*Mat x3] / *Min / [*Sub]) -10/Mines (discovered 1 exit: [*Mat]) History --------- Turn | Location | Event 13 | -11/Scrapyard | Discovered new exit (range 14) 56 | -11/Scrapyard | Entered Materials 314 | -10/Materials | Build established: Mutant 515 | -10/Materials | Discovered new exit (range 10) 556 | -10/Materials | Derelicts attacked the area 662 | -10/Materials | Core integrity fell below 50% 688 | -10/Materials | Lost 4 parts (2n2w) 690 | -10/Materials | Core integrity fell below 20% 860 | -10/Materials | Discovered new exit (range 9) 1434 | -10/Materials | Discovered new exit (range 7) 1565 | -10/Materials | Discovered new exit (range 14) 1752 | -10/Materials | Identified exit to Mines 2304 | -10/Materials | Entered Mines 2353 | -10/Mines | Discovered new exit (range 9) 2464 | -10/Mines | Destroyed by S-10 Pest with Light Assault Rifle Last Messages --------------- 02256_ Dropped Lgt. Assault Rifle. 02258_ Dropped Lgt. Cannon. 02260_ Acquired Grenade Launcher. LOCATION=MINES GOAL=ESCAPE 02305_ K-01 Serf collects debris. 02324_ Searching scrap... 02324_ Found Lrg. Matter Pod. 02324_ Found Terrain Scanner. 02324_ Found 42 Matter. 02325_ Acquired 10 matter. 02327_ Acquired Lrg. Matter Pod. 02328_ Acquired 32 matter. 02336_ K-01 Serf collects debris. 02353_ EXIT=FOUND 02388_ K-01 Serf collects debris. 02439_ K-01 Serf cleans the Plasma Injector. 02456_ S-10 Pest knocked back. 02457_ K-01 Serf cleans the Plasma Injector. 02462_ S-10 Pest destroyed. Map ----- +----------------------------------------------------+ | ?????????????????????????????????????????????????? | | ?????????????????????????????????????????????????? | | ?????????????????????????????????????????????????? | | ?????????????????????????????????????????????????? | | ?????????????????????????????????????????????????? | | ?????????????????????????????????????????????????? | | ?????????????????????????????????????????????????? | | ?????????????????????????????????????????????????? | | ?????????????????????????????????????????????????? | | ?????????????????????????????????????????????????? | | ?????????????????????????????????????????????????? | | ?????????????????????????????????????????????????? | | ?????????????????????????????????????????????????? | | ?????????????????????????????????????????????????? | | ?????????????????????????????????????????????????? | | ?????????????????????????????????????????????????? | | ?????????????????????????????????????????????????? | | ?????????????????????????????????????????????????? | | ???????####??????????????????????????????????????? | | ??###### ##?????????????????????????????????????? | | ?## ## #?????????????????????????????????????? | | ?# #?????????????????????????????????????? | | ## ##????????????????????????????????????? | | # ##????#######???#????????????????????? | | ###### ###*##???????????????????? | | @[%%#???????????????????? | | ###r s #?????????????? | | ## ##### """ #?????? #????????????? | | ######???## """ #?????????? #???????????? | | #???????? k""" #???????????????????????? | | ##??##??# ## ##???????????????????????? | | ## #??? ?? ??# #####????????????????????????? | | ### #??# ??#???# #????????????????????????????? | | #?# ?? ??????# #????????????????????????????? | | ##?####? #??????# #????????????????????????????? | | ##??????? #??????# #????????????????????????????? | | ????????? #??????? ????????????????????????????? | | ####????# #??????? #????????????????????????????? | | ##?## ##?????? #????????????????????????????? | | ### ##????? ?????????????????????????????? | | ##???? ?????????????????????????????? | | # #???? ?????????????????????????????? | | ## #??? ????????????????????????????? | | ?##### #?? ?????????????????????????????? | | ?????## ##? #?????????????????????????????? | | ??????# #?# #?????????????????????????????? | | ??????# ## #?????????????????????????????? | | ??????# #?????????????????????????????? | | ??????# ##?????????????????????????????? | | ??????# """ ##??????????????????????????????? | +----------------------------------------------------+ Best States ------------- Heat Dissipation 25 Energy Generation 10 Energy Capacity 250 Matter Stores 300 Matter Capacity 300 Sight Range 16 Terrain Scan Density 10 Armor Coverage 150 Evasion (%) 40 Recoil Reduction 2 Item Schematics ----------------- None Robot Schematics ------------------ None Fabricated ------------ Nothing Repaired ---------- Nothing Studied --------- None Alien Tech Used ----------------- None Achievements -------------- None Challenges ------------ None Game ------ Seed HugeLobotomyTearclaws Manual? 0 Play Time 00:18:27 Cumulative 18.6 hours Start 2026.09.13 @ 18:04:32 End 2026.09.13 @ 18:22:22 Sessions 1 Manual Loads 0 Difficulty Rogue Special Mode None Game No. 27 Rogue 27 Adventurer 0 Explorer 0 Win Type - Total 0 Types 0/0/0/0/0/0/0/0/0/0 Lore% 9 Gallery% 13 Achievement% 13 Wizard Run 0 Options --------- Layout 0 ASCII 0 Keyboard 0 Movement Arrows Keybinds 0 Fullscreen 1 Font 24/Smallcaps Map View 56x25 Zoom Use 86% Tactical HUD 1 Map Filters NONE Filters NONE Steam 1 RUN: 7e749357-ac58-4949-bb61-8e373fcebdc7